 Dungeon Crawl Stone Soup version 0.29.1-15-g9cfb28693d (webtiles) character file.

Game seed: 11857727275331312819

0 JazzyJawa the Ducker (level 1, -1/11 HPs)
             Began as a Spriggan Abyssal Knight on Mar 4, 2023.
             Was a Follower of Lugonu.
             Slain by a ball python (2 damage)
             ... on level 1 of the Dungeon.
             The game lasted 00:06:08 (696 turns).

JazzyJawa the Ducker (Spriggan Abyssal Knight)       Turns: 696, Time: 00:06:09

Health: -1/11      AC:  2    Str:  9    XL:     1   Next: 8%
Magic:  3/3        EV: 17    Int: 11    God:    Lugonu [*.....]
Gold:   6          SH:  0    Dex: 15    Spells: 0/0 levels left

rFire   . . .      SeeInvis +   a - +1 falchion
rCold   . . .      Faith    .   (no shield)
rNeg    . . .      Spirit   .   b - +0 robe
rPois   .          Reflect  .   (helmet restricted)
rElec   .          Harm     .   (no cloak)
rCorr   .          Rampage  .   (gloves unavailable)
Will    .....                   (boots unavailable)
Stlth   +.........              (no amulet)
HPRegen 0.03/turn               (no ring)
MPRegen 0.08/turn               (no ring)

@: very quick
A: very small, no large weapons, unfitting armour, see invisible, speed 3
a: Renounce Religion, Depart the Abyss


You were on level 1 of the Dungeon.
You worshipped Lugonu.
Lugonu was aware of your devotion.
You visited 1 branch of the dungeon, and saw 1 of its levels.
You visited the Abyss 1 time.

You collected 6 gold pieces.

Inventory:

Hand Weapons
 a - a +1 falchion (weapon)
Armour
 b - a +0 robe (worn)
Scrolls
 c - a scroll of magic mapping {unknown}


   Skills:
 + Level 2.4 Fighting
 + Level 1.5 Long Blades
 + Level 3.2 Dodging
 + Level 1.7 Invocations


You couldn't memorise any spells.
You didn't know any spells.
Your spell library contained the following spells:

 Spells                   Type           Power      Damage    Failure   Level
 Blink                    Tloc           0%         N/A       47%         2
 Lesser Beckoning         Tloc           0%         N/A       71%         3
 Manifold Assault         Tloc           0%         N/A       100%        5


Dungeon Overview and Level Annotations

Branches:
Dungeon (1/15)

Altars:


Innate Abilities, Weirdness & Mutations

You are very small and have problems with some larger weapons.
You are too small for most types of armour.
You have supernaturally acute eyesight. (SInv)
You cover ground extremely quickly. (Speed+++)


Message History

Found a stone staircase leading down.
The endoplasm quivers.
A kobold comes into view. It is wielding a +0 short sword.
A ball python comes into view.
Found a hand axe.
The ball python hisses angrily.
You see here a scroll labelled SEDASSUYTT.
You see here a scroll labelled SEDASSUYTT.
The kobold throws a stone.
The stone barely misses you.
Found a stone staircase leading down.
The ball python bites you. The ball python grabs you.
The ball python constricts you.
You escape the ball python's grasp.
You barely miss the ball python. The ball python closely misses you.
The ball python barely misses you.
The ball python bites you but does no damage.
The ball python barely misses you.
You hit the ball python.
The ball python is severely wounded.
The ball python bites you. The ball python barely misses you.
The ball python bites you. The ball python grabs you.
The ball python constricts you.
You escape the ball python's grasp.
The ball python bites you. The ball python closely misses you.
Okay, then.
You hit the kobold.
You kill the kobold!
Lugonu accepts your kill. The ball python completely misses you.
The ball python closely misses you. The ball python barely misses you.
The ball python grabs you. The ball python constricts you.
The endoplasm closely misses you.
Things that are here:
a +0 short sword; 5 stones; a kobold corpse You hit the endoplasm.
The endoplasm is almost dead.
The ball python completely misses you. The ball python constricts you.
The endoplasm freezes you.
You are frozen.
* * * LOW HITPOINT WARNING * * *
You escape the ball python's grasp.
The ball python bites you.
You die...

#..............
###..............
................ .
#............. .
###.........).. .#
.>..#..?....## #.##
#...S.....# ....## ##.#
#..@)J..?.##.....# #..#
#............# .#. ## ..#
#..........####.... ##. #.#
#.......>..#.......
#.####.#####........#.#.#....#
##.#§§§.≈≈≈##.#.....##.#....#
#..§§≈§§≈≈.+..########....#
##.##§§§...§########......##
#..##≈≈§<.≈≈###......#....#


You could see an endoplasm and a ball python.

Vanquished Creatures
  A kobold (D:1)
1 creature vanquished.

Notes
Turn   | Place    | Note
-------+----------+-------------------------------------------
     0 | Abyss:1  | JazzyJawa the Spriggan Abyssal Knight began the quest for
                  | the Orb.
     0 | Abyss:1  | Reached XP level 1. HP: 11/11 MP: 3/3
     4 | Abyss:1  | Found a corrupted altar of Lugonu.
   129 | Abyss:1  | Found a corrupted altar of Lugonu.
   139 | Abyss:1  | Found a corrupted altar of Lugonu.
   174 | D:1      | Escaped the Abyss
   696 | D:1      | Slain by a ball python

Illustrated notes

Levels and vault maps discovered:
D:1:      ncdulo_lavacross, layout_rooms, basic_ecumenical_altar,
          corexii_item_surrounded_by_moat

Action                   || total
-------------------------++-------
Melee: Falchion          ||     4
Invok: Depart the Abyss  ||     1
Armor: Robe              ||     1
Dodge: Dodged            ||    11
